 Dungeon Crawl Stone Soup version 0.28.0-45-g0d030f2227 (webtiles) character file.

Game seed: 15722703174900692524

279 protoss039 the Cudgeller (level 6, -4/38 HPs)
             Began as a Gargoyle Gladiator on Apr 12, 2022.
             Slain by a bullfrog (6 damage)
             ... on level 6 of the Dungeon.
             The game lasted 00:03:52 (3540 turns).

protoss039 the Cudgeller (Gargoyle Gladiator)       Turns: 3540, Time: 00:03:52

Health: -4/38      AC: 15    Str: 20    XL:     6   Next: 26%
Magic:  6/6        EV:  8    Int:  8    God:
Gold:   98         SH:  0    Dex: 11    Spells: 5/5 levels left

rFire   . . .      SeeInvis .   a - +0 flail
rCold   . . .      Faith    .   (no shield)
rNeg    + . .      Spirit   .   q - +0 chain mail
rPois   ∞          Reflect  .   c - +0 helmet
rElec   +          Harm     .   (no cloak)
rCorr   .          Rampage  .   (no gloves)
Will    .....                   g - +0 pair of boots
Stlth   ..........              (no amulet)
HPRegen 0.12/turn               (no ring)
MPRegen 0.10/turn               (no ring)

@: mighty
A: sickness immunity, AC +4, negative energy resistance 1, electricity
resistance, torment resistance 1, petrification resistance
a: no special abilities


You were on level 6 of the Dungeon.
You visited 1 branch of the dungeon, and saw 5 of its levels.

You collected 98 gold pieces.

Inventory:

Hand Weapons
 a - a +0 flail (weapon)
Missiles
 d - 3 throwing nets (quivered)
 j - 2 silver boomerangs
Armour
 c - a +0 helmet (worn)
 g - a +0 pair of boots (worn)
 n - a +0 cloak
 q - a +0 chain mail (worn)
Scrolls
 f - a scroll of noise
 p - a scroll of blinking {unknown}
 r - a scroll of immolation {unknown}
Potions
 b - 2 potions of haste {unknown}
 e - a potion of might
 h - a potion of flight {unknown}
 i - a potion of curing {unknown}
 k - 2 potions of heal wounds {unknown}
 l - a potion of invisibility {unknown}
 o - a potion of brilliance {unknown}


   Skills:
 + Level 4.1 Fighting
 + Level 4.4 Maces & Flails
 - Level 2.0 Throwing
 + Level 3.2 Armour
 - Level 3.0 Dodging


You had 5 spell levels left.
You didn't know any spells.
Your spell library contained the following spells:

 Spells                   Type           Power      Damage    Failure   Level
 Inner Flame              Hex/Fire       0%         N/A       100%        3
 Portal Projectile        Hex/Tloc       0%         N/A       100%        3
 Summon Guardian Golem    Hex/Summ       0%         N/A       100%        3
 Metabolic Englaciation   Hex/Ice        0%         N/A       100%        5


Dungeon Overview and Level Annotations

Branches:
Dungeon (4/15)
 Temple: D:4-7

Altars:
Fedhas

Shops:
D:6 *


Innate Abilities, Weirdness & Mutations

You are immune to sickness and miasma.
Your stone body is resilient. (AC +4)
You are immune to poison.
You resist negative energy. (rN+)
You are resistant to electric shocks. (rElec)
You are resistant to unholy torment.
You are immune to petrification.


Message History

The bullfrog hits you.
* * * LOW HITPOINT WARNING * * *
Unknown command.
You closely miss the hound. The hound bites you but does no damage.
The bullfrog barely misses you. The hound closely misses you.
The bullfrog barely misses you.
Unknown command.
You closely miss the hound. The hound bites you but does no damage.
The bullfrog hits you but does no damage.
The hound bites you.
* * * LOW HITPOINT WARNING * * *
Unknown command.
You closely miss the hound.
The bullfrog hits you but does no damage.
The hound bites you but does no damage.
The bullfrog hits you but does no damage.
Unknown command.
You miss the hound. The hound bites you but does no damage.
The bullfrog hits you but does no damage.
The hound bites you but does no damage. The bullfrog hits you.
* * * LOW HITPOINT WARNING * * *
Unknown command.
The hound bites you but does no damage.
Unknown command.
You sock the hound!
The hound is severely wounded.
The bullfrog hits you.
* * * LOW HITPOINT WARNING * * *
The hound bites you but does no damage. The bullfrog barely misses you.
The hound barely misses you.
Unknown command.
You barely miss the hound. You punch the hound.
You kill the hound!
The bullfrog barely misses you.
The bullfrog hits you but does no damage.
Unknown command.
You closely miss the bullfrog.
The bullfrog hits you but does no damage.
The bullfrog hits you.
You die...

### ##.###
##....###
#.......###
##.@.......###
#..F..........
#.............
#..............
#..............
................
##....$..........
#..............#
#.............^#


You could see a bullfrog.

Vanquished Creatures
  A steam dragon (D:3)
  A hound (D:6)
  Jessica (D:2)
  A hound zombie (D:3)
  A gnoll (D:1)
  3 adders
  A dart slug (D:2)
  2 orcs
  3 endoplasms
  4 giant cockroaches
  4 goblins
  9 hobgoblins
  3 quokkas
  5 ball pythons
  2 bats
  5 frilled lizards
  3 kobolds
  6 rats
55 creatures vanquished.

Notes
Turn   | Place    | Note
-------+----------+-------------------------------------------
     0 | D:1      | protoss039 the Gargoyle Gladiator began the quest for the
                  | Orb.
     0 | D:1      | Reached XP level 1. HP: 12/12 MP: 1/1
   409 | D:1      | Reached XP level 2. HP: 15/17 MP: 2/2
   457 | D:1      | Found a faded altar of an unknown god.
   653 | D:1      | Got the Disquisition on Congealing Enchantment
   901 | D:1      | Reached XP level 3. HP: 15/22 MP: 3/3
  1445 | D:2      | Reached skill level 1 in Armour
  1709 | D:2      | Noticed Jessica
  1713 | D:2      | Killed Jessica
  1714 | D:2      | Reached XP level 4. HP: 27/27 MP: 4/4
  2685 | D:3      | Noticed a steam dragon
  3050 | D:3      | Killed a steam dragon
  3051 | D:3      | Reached XP level 5. HP: 23/33 MP: 5/5
  3051 | D:3      | Reached XP level 6. HP: 26/38 MP: 6/6
  3273 | D:3      | Found a blossoming altar of Fedhas.
  3513 | D:4      | You fall into a shaft and drop 2 floors!
  3513 | D:6      | Found Esetsan's Assorted Antiques.
  3514 | D:6      | Noticed a water moccasin
  3516 | D:6      | Noticed an orc warrior
  3538 | D:6      | HP: 1/38 [bullfrog (4)]
  3540 | D:6      | Slain by a bullfrog

Illustrated notes

Levels and vault maps discovered:
D:1:      dpeg_arrival_tiny_c, layout_loops_ring, nicolae_ecumenical_lake_church
D:2:      layout_loops_cross, uniq_jessica
D:3:      layout_loops_ring, fedhas_altar_4, minmay_ruptured
D:4:      cheibrodos_fertilizer, layout_loops_cross, palyth_stone_intersect,
          uniq_edmund
D:6:      layout_cave_pods, lemuel_coloured_pillars_altar, temple_fountains,
          serial_shops, shop, uniq_sigmund

Skill      XL: |  1  2  3  4  5  6 |
---------------+-------------------+-----
Throwing       | 2 |  2.0
Armour         | 1 3 |  3.2
Dodging        | 3 |  3.0
Fighting       | 3 4 |  4.1
Maces & Flails | 4 |  4.4

Action                   |  1- 3 |  4- 6 || total
-------------------------+-------+-------++-------
Melee: Flail             |    83 |   112 ||   195
       Punch             |       |     3 ||     3
  Use: Scroll            |       |     4 ||     4
       Potion            |       |     1 ||     1
Armor: Leather armour    |    34 |    42 ||    76
       Chain mail        |       |    38 ||    38
Dodge: Dodged            |    57 |    83 ||   140
